 Dungeon Sprint DCSS version 0.31-a0-365-gcf821cafb2 (webtiles) character file.

Game seed: 466970251680421560

3117 rocky1 the Grappler (level 9, -3/97 HPs)
             Began as a Troll Shapeshifter on July 28, 2023.
             Was the Champion of Cheibriados.
             Slain by a merfolk
             ... wielding a +0 trident
              (5 damage)
             ... in the Dungeon (Sprint V: "Ziggurat Sprint").
             The game lasted 00:05:53 (1631 turns).

rocky1 the Grappler (Troll Shapeshifter)            Turns: 1631, Time: 00:05:54

Health: -3/97      AC: 11    Str: 50    XL:     9   Next: 60%
Magic:  0/14       EV:  8    Int: 23    God:    Cheibriados [******]
Gold:   0          SH:  0    Dex: 25    Spells: 8/8 levels left

rFire   . .          .
                       - Unarmed
rCold   . . .        (shield currently unavailable)
rNeg    + . .        I - +5 storm dragon scales
rPois   .            (helmet restricted)
rElec   +            (no cloak)
rCorr   .            (gloves unavailable)
SInv    .            (boots unavailable)
Will    .....        s - amulet of Foolhardiness {Spirit Fragile rN+ Int+4 Stlth+}
Stlth   x              - +6 ring of strength
HPRegen 1.16/turn    m - +4 ring of protection
MPRegen 0.14/turn

%: no teleportation, guardian spirit
@: blade hands, very slow
A: large, unfitting armour, claws 3, regeneration 1, shaggy fur 1, tough skin 1
a: Begin Untransformation, Renounce Religion, Bend Time, Temporal Distortion,
Slouch, Step From Time


You were in the Dungeon.
You worshipped Cheibriados.
Cheibriados was exalted by your worship.
You had blades for hands.
You visited 1 branch

Inventory:

Armour
 E - +5 fire dragon scales
 F - +5 gold dragon scales
 G - +5 ice dragon scales
 H - +5 shadow dragon scales
 I - +5 storm dragon scales (worn)
Jewellery
 a - a +4 ring of protection
 m - a +4 ring of protection (right blade hand)
 s - the amulet of Foolhardiness (around neck) {Spirit Fragile rN+ Int+4 Stlth+}
   (You found it in the Dungeon)

   [amulet of guardian spirit]

   It causes incoming damage to be divided between your reserves of health and
   magic.
   Int:       It affects your intelligence (+4).
   rN:        It protects you from negative energy.
   Fragile:   It will be destroyed if unequipped.
   Stlth:     It makes you more stealthy.
 v - a ring of resist corrosion
 w - a ring of protection from fire
 x - a +6 ring of strength (left blade hand)
 y - a +6 ring of strength
 K - a ring of poison resistance
 L - a ring of positive energy
Talismans
 c - a beast talisman
 z - a blade talisman
 A - a maw talisman
 B - a serpent talisman
Wands
 u - a wand of flame (11)
 C - a wand of mindburst (7)
 D - a wand of light (11)
 J - a wand of paralysis (5)
Scrolls
 i - 3 scrolls of blinking
 o - 4 scrolls of amnesia
 p - 7 scrolls of fog
 q - 5 scrolls of identify
 r - a scroll of fear
 t - a scroll of brand weapon
Potions
 b - a potion of lignification
 d - 10 potions of curing
 e - 6 potions of heal wounds
 f - 10 potions of haste
 g - 6 potions of magic
 h - 2 potions of berserk rage
 j - 2 potions of brilliance
 k - 2 potions of invisibility
 l - 4 potions of resistance
 n - 5 potions of might


   Skills:
 + Level 8.8 Fighting
 - Level 1.5 Dodging
 * Level 14.8 Unarmed Combat
 + Level 8.3 Invocations
 + Level 9.3 Shapeshifting


You had 8 spell levels left.
You didn't know any spells.
Your spell library contained the following spells:

 Spells                   Type           Power      Damage    Failure   Level
 Apportation              Tloc           0%         N/A       83%         1
 Ozocubu's Armour         Ice            0%         N/A       98%         3
 Animate Dead             Necr           0%         N/A       100%        4
 Alistair's Intoxication  Tmut/Pois      0%         N/A       100%        5
 Metabolic Englaciation   Hex/Ice        0%         N/A       100%        5
 Simulacrum               Ice/Necr       0%         N/A       100%        6
 Haunt                    Necr/Summ      0%         N/A       100%        7
 Infestation              Necr           0%         N/A       100%        8


Dungeon Overview and Level Annotations

Branches:
Dungeon (1/1)

Altars:
Ashenzari
Cheibriados
Dithmenos
Elyvilon
Fedhas
Gozag
Hepliaklqana
Kikubaaqudgha
Makhleb
Nemelex Xobeh
Okawaru
Qazlal
Ru
Sif Muna
Trog
Uskayaw
Vehumet
Wu Jian
Xom
Yredelemnul
Zin
The Shining One
Jiyva
Lugonu

Annotations:
D 1 transporter


Innate Abilities, Weirdness & Mutations

You have blades for hands.
Your spellcasting is less reliable in this form.
You are incapable of wielding weapons or throwing items.
You are too large for most types of armour.
You have claws for hands.
Your natural rate of healing is unusually fast.
You are covered in fur. (AC +1)
You have tough skin. (AC +1)


Message History

As you read the scroll of blinking, it crumbles to dust.
Unknown command.
You feel much better.
The centaur shoots an arrow.
The arrow hits you!
* * * LOW HITPOINT WARNING * * *
Unknown command.
Okay, then.
Unknown command.
You feel much better.
The centaur shoots an arrow.
The arrow hits you. The merfolk closely misses you.
Unknown command.
Magic courses through your body.
The merfolk hits you from afar with a +0 trident.
The merfolk throws a boomerang.
The boomerang hits you but does no damage.
The wind drake flaps its wings at you. The air twists around and strikes you!
The merfolk hits you from afar with a +0 trident.
Activating: Slouch (3% risk of failure)
Press: ? - help, Dir - look around, f - activate You can feel time thicken for a moment.
You kill the centaur!
Cheibriados thoroughly appreciates the change of pace.
The merfolk completely misses you.
The merfolk hits you from afar with a +0 trident!!
* * * LOW HITPOINT WARNING * * *
The merfolk hits you from afar with a +0 trident!
* * * LOW HITPOINT WARNING * * *
Unknown command.
You don't have enough magic at the moment.
Unknown command.
Unknown command.
Blink to where?
Press: ? - help, Dir - move target, f - you
Okay, then.
As you read the scroll of fear, it crumbles to dust.
You assume a fearsome visage.
The merfolk looks frightened! x3
The wind drake looks frightened! x2; The merfolk resists with some effort.
The merfolk looks frightened!
The merfolk hits you from afar with a +0 trident.
You die...

▓.........▓.......▓
▓..)......▓.......▓
▓...)))...▓.......▓
▓...).)...▓.).)÷..▓
▓.▓.....▓.▓.▓...▓.▓
▓....©....▓...©...▓
▓▓▓▓▓▓▓▓▓▓▓▓▓▓▓▓▓▓▓
...8©8...▓..8©8..▓
▓..=|):◎@.▓..).)..▓
▓.../|m...▓...))..▓
▓.....m.mk▓.......▓
▓.....mm.)▓.......▓
▓.......k.▓.......▓
▓.........▓.......▓
▓.▓.....▓.▓.▓...▓.▓
▓....©....▓...©...▓
▓▓▓▓▓▓▓▓▓▓▓▓▓▓▓▓▓▓▓


You could see 2 wind drakes and 5 merfolk.

Vanquished Creatures
  A two-headed ogre (D)
  3 merfolk (D)
  A troll (D)
  2 wind drakes (D)
  A slime creature (D)
  A floating eye (D)
  An orc warrior (D)
  A wolf (D)
  An ogre (D)
  2 centaurs (D)
  3 phantoms (D)
  A bullfrog (D)
  5 orc priests (D)
  3 jellies (D)
  An iguana (D)
  2 orc wizards (D)
  A river rat (D)
  2 adder skeletons (D)
  2 adder zombies (D)
  3 orcs (D)
  A ball python zombie (D)
38 creatures vanquished.

Notes
Turn   | Place    | Note
-------+----------+-------------------------------------------
     0 | D        | rocky1 the Troll Shapeshifter began the quest for the Orb.
     0 | D        | Reached XP level 1. HP: 18/18 MP: 0/0
     0 | D        | Found a shimmering blue altar of Sif Muna.
     0 | D        | Found a bloodstained altar of Trog.
     0 | D        | Found a sacrificial altar of Ru.
     0 | D        | Found a stormy altar of Qazlal.
     0 | D        | Found an iron altar of Okawaru.
     1 | D        | Found a sparkling altar of Nemelex Xobeh.
     1 | D        | Found a blossoming altar of Fedhas.
     1 | D        | Found the +6 Majin-Bo {spellvamp, MP+6 Int+6}
     1 | D        | Found the +27 heavy crossbow "Sniper" {heavy, Acc+∞ SInv}
     1 | D        | Found the +10 dark maul {heavy}
     1 | D        | Found the +15 Maxwell's patent armour {-Cast -Tele rElec
                  | Will+ rCorr}
     1 | D        | Found the +18 shield of the Gong {Loud rN+ Will+ rCorr
                  | EV-5}
     1 | D        | Found the +16 obsidian axe {drain, demonic, Mesm Drain Fly
                  | SInv}
     1 | D        | Found the +7 great mace "Firestarter" {flame, immolate,
                  | rFlCloud rF++}
     1 | D        | Found the +6 shillelagh "Devastator" {shatter}
     1 | D        | Found the +11 plutonium sword {Contam Stlth-}
     1 | D        | Found the +8 lance "Wyrmbane" {slay drac, rPois rF+ rC+
                  | AC+3}
     1 | D        | Found the +9 sword of Zonguldrok {reap}
     1 | D        | Found the +13 scythe of Curses {drain, curses, Drain}
     1 | D        | Found the +9 sword of Power {lifebolt}
     1 | D        | Found the +7 mace of Variability {chaos, chaos arc}
     1 | D        | Found the +11 Singing Sword {sonic wave}
     1 | D        | Found the +8 storm bow {elec, penet}
     3 | D        | Found a transporter.
     3 | D        | Found an ancient bone altar of Kikubaaqudgha.
     3 | D        | Found a viscous altar of Jiyva.
     3 | D        | Found a corrupted altar of Lugonu.
     3 | D        | Found a hazy altar of Hepliaklqana.
     3 | D        | Found a burning altar of Makhleb.
     3 | D        | Found an opulent altar of Gozag.
    72 | D        | Became a worshipper of Cheibriados the Contemplative
    85 | D        | Reached skill level 6 in Unarmed Combat
    85 | D        | Reached XP level 2. HP: 31/31 MP: 1/1
    88 | D        | Entered arena 2.
    88 | D        | Noticed a phantom
    88 | D        | Found a transporter.
    92 | D        | Killed a phantom
    93 | D        | Reached skill level 7 in Unarmed Combat
    93 | D        | Reached skill level 5 in Shapeshifting
    93 | D        | Reached XP level 3. HP: 39/39 MP: 2/2
    93 | D        | Reached XP level 4. HP: 48/48 MP: 3/3
   312 | D        | Entered arena 3.
   312 | D        | Noticed an ogre
   312 | D        | Noticed a troll
   312 | D        | Noticed a two-headed ogre
   312 | D        | Found a transporter.
   318 | D        | Killed an ogre
   318 | D        | Reached * piety under Cheibriados
   319 | D        | Reached skill level 8 in Unarmed Combat
   319 | D        | Reached XP level 5. HP: 42/55 MP: 3/5
   321 | D        | Killed a two-headed ogre
   322 | D        | Reached skill level 11 in Unarmed Combat
   322 | D        | Reached skill level 5 in Invocations
   322 | D        | Reached XP level 6. HP: 51/68 MP: 3/9
   322 | D        | Reached XP level 7. HP: 57/76 MP: 3/10
   323 | D        | Killed a troll
   323 | D        | Reached ** piety under Cheibriados
   361 | D        | Entered arena 4.
   361 | D        | Found a transporter.
   366 | D        | Reached skill level 12 in Unarmed Combat
   368 | D        | Reached *** piety under Cheibriados
   369 | D        | Reached XP level 8. HP: 78/84 MP: 11/11
   379 | D        | Got the amulet of Foolhardiness {Spirit Fragile rN+ Int+4
                  | Stlth+}
   390 | D        | Entered arena 5.
   390 | D        | Found a transporter.
   396 | D        | Reached **** piety under Cheibriados
   538 | D        | Entered arena 6.
   538 | D        | Noticed a slime creature
   538 | D        | Found a transporter.
   539 | D        | Paralysed by a floating eye for 2 turns
   543 | D        | Reached ***** piety under Cheibriados
   546 | D        | Killed a slime creature
   549 | D        | Reached skill level 13 in Unarmed Combat
   745 | D        | Entered arena 7.
   745 | D        | Noticed a merfolk
   745 | D        | Noticed a merfolk
   745 | D        | Noticed a wind drake
   745 | D        | Noticed a merfolk
   745 | D        | Noticed a wind drake
   749 | D        | Found a transporter.
   750 | D        | Killed a merfolk
   752 | D        | Killed a wind drake
   753 | D        | Reached XP level 9. HP: 21/96 MP: 1/13
   756 | D        | Killed a merfolk
   757 | D        | Killed a wind drake
   758 | D        | Reached skill level 14 in Unarmed Combat
   762 | D        | Killed a merfolk
  1146 | D        | Entered arena 8.
  1147 | D        | Found a transporter.
  1151 | D        | Reached ****** piety under Cheibriados
  1357 | D        | Entered arena 9.
  1357 | D        | Found the +8 autumn katana {manifold assault}
  1358 | D        | Found a transporter.
  1618 | D        | Entered arena 10.
  1618 | D        | Found the +6 arbalest "Damnation" {damnation}
  1618 | D        | Noticed a merfolk
  1618 | D        | Noticed a merfolk
  1618 | D        | Noticed a merfolk
  1618 | D        | Noticed a wind drake
  1618 | D        | Noticed a wind drake
  1618 | D        | Noticed a merfolk
  1618 | D        | Noticed a merfolk
  1626 | D        | Found a transporter.
  1630 | D        | HP: 1/97 [merfolk/+0 trident (15)]
  1631 | D        | Slain by a merfolk

Illustrated notes

Levels and vault maps discovered:
D:        sprint_v [room_start, room_1, room_2, room_3, room_4, room_5, room_6,
          room_7, room_8, room_9, room_10, room_11, room_12, room_13, room_14,
          room_15, room_16, room_17, room_18, room_19, room_20, room_21,
          room_22, room_23, room_24, room_25, room_26, room_27]

Skill      XL: |  1  2  3  4  5  6  7  8  9 |
---------------+----------------------------+-----
Fighting       | 3 4 6 8 |  8.8
Unarmed Combat | 6 7 8 11 12 13 14 | 14.8
Shapeshifting  | 4 5 7 8 9 |  9.3
Invocations    | 2 5 7 8 |  8.3
Dodging        | |  1.5

Action                     |  1- 3 |  4- 6 |  7- 9 || total
---------------------------+-------+-------+-------++-------
  Melee: Unarmed           |     3 |     6 |    54 ||    63
         Punch             |       |     1 |     4 ||     5
 Invoke: Slouch            |       |       |     3 ||     3
  Evoke: Wand              |       |     3 |       ||     3
    Use: Potion            |     1 |     1 |     5 ||     7
         Scroll            |       |       |     2 ||     2
   Stab: Invisible         |       |     1 |       ||     1
 Armour: Fire dragon scale |     3 |     8 |    19 ||    30
         Storm dragon scal |       |       |    38 ||    38
  Dodge: Dodged            |     1 |     2 |    35 ||    38
   Form: Blade             |       |       |     1 ||     1
         Anaconda          |       |       |     1 ||     1

Table legend: (Time is in decaauts)
 A = Elapsed time spent in this place.
 B = Non-inter-level travel time spent in this place.
 C = Inter-level travel time spent in this place.
 D = Time resting spent in this place.
 E = Time spent auto-exploring this place.
 F = Levels seen in this place.
 G = Mean time per level.
                   A        B        C        D        E       F      G
               +--------+--------+--------+--------+--------+-----+--------+
         Total |   1740 |   1740 |      0 |   1259 |      0 |   1 | 1740.0 |
       Dungeon |   1740 |   1740 |      0 |   1259 |      0 |   1 | 1740.0 |
               +--------+--------+--------+--------+--------+-----+--------+

Top non-repeatable levels by time:
       D: 1740 daAuts
